← All builds
Air / Legion / Economy first / OBSERVED BUILD

Standard air

Legion Air build order · Supreme Isthmus

Legion air player opens with Drone Plant and builds up economy with an Advanced Metal Extractor around 7 minutes, mostly holding off aircraft production early while supporting the team with transports and later Noctua bombers or other…

Usually no aircraft (83%)

#eco #air #team support · 53 distinct matches · 31 players · 78% of Legion Air games · team won 60% of 60 · Recently observed

HOW TO PLAY IT

Key timing: Legion Drone Plant by 1:21

  1. Take mex and wind while queuing the drone plant early.
  2. Get the drone plant up before 1:33 to start the economy base.
  3. Add an advanced mex to keep scaling economy for the team.
  4. Bring a fusion reactor online to support later tech.
  5. Supply allies with Noctua, Aeolus and Hippotes while building Noctua bombers.

Phase by phase

TYPICAL OF ITS 53 GAMES
  1. 1
  2. 2
  3. 3
PLAY THE OPENING

Follow the example game's first 6:00 step by step: what to build now, what comes next, and where it goes. At 1× it keeps pace with your own game.

  1. 1

    Up to the Legion Drone Plant

    Economy
    • Metal Extractor3Mex
    • Wind Turbine4Wind
    Order
    1. Legion Drone PlantLegion Drone Plant after 3 mex, 4 winddone ~1:24, middle half 1:16–1:35

    Some games also: energy storage (32%)

    By 1:02 in all: 3 mex · 4 wind

    The example game in this phase · 5 steps
    1. Mex ×3
    2. Solar
    3. Mex
    4. Solar
    5. Legion Drone PlantLegion Drone Plantdone 1:40 · typical 1:24
  2. 2

    Legion Drone Plant to 5:00

    Economy
    • Metal Extractor1Mex
    • Wind Turbine11Wind
    • Wind Turbine3Wind
    • Energy Storage1Energy storage
    Builders
    • Construction Turret2 Con turret
    • Legion Construction Aircraft1 Legion Construction Aircraft
    Army
    • Noctua12 Noctua
    • Noctua2 Noctua for allies
    • Aeolus2 Aeolus for allies
    • Hippotes1 Hippotes for allies

    Some games also: converter (37%) · mex (33%) · con turret (30%)

    By 5:00 in all: 3 mex · 1 mex · 15 wind · 3 wind · 1 energy storage · 2 con turret

    The example game in this phase · 34 steps
    1. NoctuaNoctua ×2for Geo sea
    2. Wind ×5
    3. AeolusAeolusfor Geo sea
    4. Wind
    5. AeolusAeolus
    6. Wind ×2
    7. Legion Construction AircraftLegion Construction Aircraft
    8. AeolusAeolusfor Tech
    9. Wind
    10. Con turret
    11. Wind ×2
    12. NoctuaNoctua
    13. Con turret
    14. Wind
    15. NoctuaNoctua
    16. Wind
    17. NoctuaNoctua
    18. Energy storage
    19. Wind
    20. NoctuaNoctua
    21. AeolusAeolus
    22. Wind
    23. AeolusAeolus
    24. Wind
    25. AeolusAeolus
    26. Wind
    27. NoctuaNoctua
    28. Wind
    29. NoctuaNoctua
    30. Wind
    31. NoctuaNoctua ×2
    32. Con turret
    33. NoctuaNoctua
    34. Wind
  3. 3

    5:00 to 10:00

    Economy
    • Wind Turbine18Wind
    • Wind Turbine3Wind
    • Energy Converter8Converter
    Order
    1. Legion Drone PlantEat Legion Drone Plant in 75% of games
    Builders
    • Construction Turret3 Con turret
    Army
    • Noctua22 Noctua

    Some games also: Legion Drone Plant (47%) · fusion (40%) · aeolus (37%) · Legion Construction Aircraft (35%) · mosquito (33%)

    By 10:00 in all: 3 mex · 1 mex · 24 wind · 20 wind · 9 converter · 1 energy storage

    The example game in this phase · 44 steps
    1. Con turret
    2. NoctuaNoctua
    3. Wind ×9
    4. Legion Drone PlantEat Legion Drone Plantreclaimed for its metal
    5. Converter
    6. Advanced Metal ExtractorT2 mexdone 6:18 · typical 7:04
    7. Converter
    8. Advanced Metal ExtractorT2 mex
    9. Converter ×2
    10. Advanced Metal ExtractorT2 mex
    11. Converter ×3
    12. Advanced Metal ExtractorT2 mex
    13. Converter ×2
    14. Bot LabBot Labdone 7:24
    15. Construction BotCon bot
    16. Converter
    17. Construction BotCon bot ×3
    18. Converter
    19. Construction BotCon bot ×2
    20. Converter
    21. Wind
    22. Construction BotCon bot
    23. Wind ×2
    24. Construction BotCon bot
    25. Wind
    26. Construction BotCon bot
    27. Wind ×3
    28. Converter
    29. Wind
    30. Construction BotCon bot
    31. Wind ×2
    32. Construction BotCon bot
    33. Wind ×3
    34. Converter
    35. Construction BotCon bot
    36. Wind ×2
    37. Construction BotCon bot
    38. Wind
    39. Legion Drone PlantLegion Drone Plantdone 8:35
    40. Wind ×2
    41. Converter
    42. Wind ×4
    43. Bot LabEat Bot Labreclaimed for its metal
    44. Wind ×8

Counts are medians over the build's games: half of them build more, half fewer. The example game is mobius1's (32 OS, 06/09/2026); pick another.

Team trades

IN AT LEAST 30% OF ITS GAMES

You hand over

  • Noctua2 Noctua to Geo or Geo sea or Beach seafirst at 1:49 · in 92% of games
  • Aeolus3 Aeolus to Tech or Geo sea or Beach seafirst at 2:17 · in 100% of games
  • Hippotes1 Hippotes to Beach seafirst at 2:36 · in 62% of games

You get

  • Wind Turbine3 Wind from Beach sea or Geo seafirst at 1:28 · in 38% of games
  • Wind Turbine2 Wind from Geo sea or Beach seafirst at 1:30 · in 42% of games
  • Construction Bot1 Con bot from Techfirst at 2:24 · in 77% of games
  • Advanced Construction Bot1 T2 con bot from Techfirst at 6:05 · in 85% of games

How it plays out

Typical game of this build, running totals by minute

Metal produced

010k20k30k
0:005:0010:0015:00

metal

Enemy metal destroyed

01k2k3k
0:005:0010:0015:00

metal

Own metal lost

01k2k
0:005:0010:0015:00

metal

60 games.

Show as table
ByMetal produced: This buildEnemy metal destroyed: This buildOwn metal lost: This build
1:0039100
2:0091500
3:00145100
4:0020213640
5:0027086080
6:003512135120
7:004698207148
8:006273260200
9:008553360223
10:0011029425360
11:0013529572426
12:0016204702735
13:00189188851270
14:002228913371580
15:002551422141996
WHAT THE NUMBERS SAY

This Legion air baseline wins half its games, with far lower losses and kills than the front-facing roles by 15:00.

  • + Lowest own metal lost among air builds shown, 1850 by 15:00.
  • − Enemy metal destroyed stays low at 2055 by 15:00, little offensive impact.
THE EXAMPLE YOU ARE READING

mobius1

32.0 OS · 06/09/2026

Open source match ↗

2 received units · includes a constructor
99 metal received · 23050 energy received

Allied construction assistance is unknown. Timings are observations, not a promise of solo reproducibility.

Typical milestones

Legion Drone Plant1:24Middle 50%: 1:16–1:35 · n=60
Advanced Metal Extractor7:04Middle 50%: 6:26–7:37 · n=52
Fusion Reactor10:29Middle 50%: 9:47–11:41 · n=33

Played most by

Hunfore6games of this buildBoozha5games of this buildTheGeneraI5games of this buildXuunnY5games of this buildAlexspeed3games of this build